 Dungeon Crawl Stone Soup version 0.30-b1-2-g02819fbbbe (webtiles) character file.

Game seed: 5547019661224915104

9 Alarkh the Sneak (level 2, -3/24 HPs)
             Began as a Demonspawn Delver on May 22, 2023.
             Slain by Terence
             ... wielding a +0 falchion
              (5 damage)
             ... on level 3 of the Dungeon.
             The game lasted 00:01:01 (513 turns).

Alarkh the Sneak (Demonspawn Delver)                 Turns: 513, Time: 00:01:01

Health: -3/24      AC:  3    Str: 12    XL:     2   Next: 6%
Magic:  2/2        EV: 11    Int: 11    God:
Gold:   10         SH:  0    Dex: 14    Spells: 1/1 levels left

rFire   . .          .
                       - Unarmed
rCold   . . .        (no shield)
rNeg    . . .        a - +0 leather armour
rPois   .            (no helmet)
rElec   .            (no cloak)
rCorr   .            (no gloves)
SInv    .            (no boots)
Will    .....        (no amulet)
Stlth   ++           (no ring)
HPRegen 0.24/turn    (no ring)
MPRegen 0.08/turn

%: no passive effects
@: no status effects
A: demonic guardian 1
a: no special abilities


You were on level 3 of the Dungeon.
You visited 2 branches of the dungeon, and saw 4 of its levels.

You collected 10 gold pieces.

Inventory:

Armour
 a - a +0 leather armour (worn)
Wands
 f - a wand of digging (3)
 h - a wand of flame (20)
Scrolls
 b - a scroll of fog
 c - a scroll of magic mapping
 d - a scroll of fear
 e - a scroll of teleportation {unknown}
 g - a scroll of identify {unknown}
 i - a scroll of torment {unknown}


   Skills:
 - Level 3.0 Fighting
 - Level 1.7 Dodging
 - Level 4.5 Stealth
 + Level 2.5 Unarmed Combat


You had one spell level left.
You didn't know any spells.
Your spell library was empty.

Dungeon Overview and Level Annotations

Branches:
Dungeon (5/15)             Temple (1/1) D:4

Altars:
Ashenzari
Cheibriados
Dithmenos
Fedhas
Gozag
Hepliaklqana
Kikubaaqudgha
Okawaru
Ru
Trog
Vehumet
Xom

Shops:
D:5 ?

Annotations:
D:3 Terence


Innate Abilities, Weirdness & Mutations

A weak demonic guardian rushes to your aid.


Message History

Found 9 stones.
The helpless Terence fails to defend himself.
You hit Terence but do no damage. You punch Terence.
Terence is lightly wounded.
Terence completely misses you.
You hit Terence.
Terence is lightly wounded.
Terence barely misses you.
You barely miss Terence.
Terence is lightly wounded.
Terence barely misses you.
You closely miss Terence.
Terence is lightly wounded.
Terence completely misses you.
You hit Terence but do no damage. You punch Terence, but do no damage.
Terence is lightly wounded.
Terence hits you with a +0 falchion!
You hit Terence.
Terence is lightly wounded.
Terence hits you with a +0 falchion!
You hit Terence but do no damage.
Terence is lightly wounded.
Terence barely misses you.
You hit Terence but do no damage.
Terence is lightly wounded.
Terence closely misses you.
You hit Terence.
Terence is moderately wounded.
You hit Terence.
Terence is moderately wounded.
Terence closely misses you.
You hit Terence.
Terence is heavily wounded.
Terence hits you with a +0 falchion!
* * * LOW HITPOINT WARNING * * *
A demonic guardian appears!
You closely miss Terence.
Terence is heavily wounded.
Terence hits you with a +0 falchion.
You die...

# .# .### .....
######..# ###
#5......# #.#
#@##....# #.#
#@#(....#
##.#######.#.....#
#..........#.....#
#.....#######...##
#..##.#### ##.##
.######.........
.#
..........#.####
K# .######.#.#.#
.#### #.#.#.#


You could see Terence (ally target) and a friendly iron imp (summoned).

Vanquished Creatures
  2 orcs
  A goblin (D:4)
  A hobgoblin (D:3)
  A kobold (D:3)
  A quokka (D:4)
6 creatures vanquished.

Notes
Turn   | Place    | Note
-------+----------+-------------------------------------------
     0 | D:5      | Alarkh the Demonspawn Delver began the quest for the Orb.
     0 | D:5      | Reached XP level 1. HP: 18/18 MP: 1/1
     5 | D:4      | Found a staircase to the Ecumenical Temple.
    49 | Temple   | Entered the Ecumenical Temple
   346 | D:4      | Noticed a scorpion
   347 | D:4      | Noticed an ogre
   416 | D:3      | Gained mutation: A weak demonic guardian rushes to your
                  | aid. [demonic ancestry]
   416 | D:3      | Reached XP level 2. HP: 24/24 MP: 2/2
   495 | D:3      | Noticed Terence
   513 | D:3      | Slain by Terence

Illustrated notes

Levels and vault maps discovered:
D:3:      kennysheep_six_static_rooms, layout_loops_ring,
          mainiacjoe_overflow_concentric_impassable, grunt_ministairs_5,
          uniq_terence
D:4:      layout_gridville, minmay_temple_entry_sparse_star, serial_shops,
          nicolae_lakefront_shop
D:5:      layout_rooms, nicolae_stop_n_shop_1, uniq_ijyb, uniq_sigmund
Temple:   nicolae_temple_great_sept

Skill      XL: |  1 |
---------------+----+-----
Unarmed Combat | 2 |  2.5
Fighting       | |  3.0
Dodging        | |  1.7
Stealth        | |  4.5

Action                     || total
---------------------------++-------
  Melee: Unarmed           ||    64
         Punch             ||     4
    Use: Potion            ||     1
   Stab: Sleeping          ||     1
 Armour: Leather armour    ||    10
  Dodge: Dodged            ||    36
